 Dungeon Crawl Stone Soup version 0.24-a0-137-gd96d3d62bd (webtiles) character file.

Game seed: 404151715345113176

53 MirrMurr the Skirmisher (level 3, -1/40 HPs)
             Began as an Ogre Berserker on Mar 1, 2019.
             Was a Follower of Trog.
             Slain by a crimson imp (3 damage)
             ... summoned by Natasha
             ... on level 2 of the Dungeon.
             The game lasted 00:02:32 (1168 turns).

MirrMurr the Skirmisher (Ogre Berserker)            Turns: 1168, Time: 00:02:32

Health: -1/40      AC:  4    Str: 21    XL:     3   Next: 89%
Magic:  3/3        EV: 10    Int:  8    God:    Trog [*.....]
Gold:   58         SH:  0    Dex:  9    Spells: 2/2 levels left

rFire    . . .     SeeInvis .   a - +1 spear
rCold    . . .     Gourm    .   (no shield)
rNeg     . . .     Faith    .   d - +0 robe
rPois    .         Spirit   .   (helmet restricted)
rElec    .         Reflect  .   h - +0 cloak (curse)
rCorr    .         Harm     .   (gloves unavailable)
MR       .....                  (boots unavailable)
Stlth    +.........             (no amulet)
HPRegen  0.13/turn              (no ring)
MPRegen  0.08/turn              (no ring)

@: slowed, very slow
A: large, unfitting armour, tough skin 1
a: Berserk, Renounce Religion


You were on level 2 of the Dungeon.
You worshipped Trog.
Trog was aware of your devotion.
You were not hungry.

You visited 1 branch of the dungeon, and saw 2 of its levels.

You collected 58 gold pieces.

Inventory:

Hand Weapons
 a - a +1 spear (weapon)
Missiles
 i - 28 stones (quivered)
Armour
 d - a +0 robe (worn)
 h - a cursed +0 cloak (worn)
Potions
 f - a potion of agility
Comestibles
 c - 2 rations


   Skills:
 + Level 4.5 Fighting
 * Level 3.7 Polearms
 + Level 1.2 Throwing
 + Level 3.0 Dodging


You had 2 spell levels left.
You didn't know any spells.
Your spell library was empty.

Dungeon Overview and Level Annotations

Branches:
Dungeon (2/15)

Altars:

Annotations:
D:1 dig
D:2 Natasha


Innate Abilities, Weirdness & Mutations

You are too large for most types of armour.
You have tough skin. (AC +1)


Message History

Natasha is severely wounded.
The crimson imp hits you. Natasha closely misses you. The crimson imp hits you.
* * * LOW HITPOINT WARNING * * *
You barely miss Natasha.
Natasha is severely wounded.
Natasha claws you but does no damage. The crimson imp hits you.
* * * LOW HITPOINT WARNING * * *
Natasha closely misses you.
You barely miss Natasha.
Natasha is severely wounded.
The crimson imp hits you.
* * * LOW HITPOINT WARNING * * *
Natasha barely misses you. The crimson imp barely misses you.
Unknown command.
You hit Natasha.
Natasha is almost dead.
Natasha claws you.
* * * LOW HITPOINT WARNING * * *
The crimson imp hits you.
You die...

#.##.#.......## #≈≈..≈..≈⌠.≈.
..##..........###≈≈..≈..≈..≈.
!.................##≈...≈≈..≈..
)..................##.....?.≈..
#.######.......###÷##(.).....≈≈
#. ##.....##5r.K#.†........
##...###K#...r.........
.<.....#h#..#####...###
.#####.#@#..# .### #5#... .#
..##.## ## ...##.# #...##.#
.......# ###..#### #...


You could see Natasha, a crimson imp, a shadow imp, a kobold and a rat.

Vanquished Creatures
  Natasha (D:2)
  An ooze (D:1)
  3 giant cockroaches (D:1)
  3 goblins (D:1)
  A hobgoblin (D:1)
  4 jackals (D:1)
  A bat (D:2)
  A frilled lizard (D:2)
  6 kobolds
  A rat (D:2)
22 creatures vanquished.

Notes
Turn   | Place    | Note
-------+----------+-------------------------------------------
     0 | D:1      | MirrMurr the Ogre Berserker began the quest for the Orb.
     0 | D:1      | Reached XP level 1. HP: 24/24 MP: 1/1
    76 | D:1      | Reached XP level 2. HP: 21/32 MP: 2/2
   722 | D:1      | Reached XP level 3. HP: 39/39 MP: 3/3
  1032 | D:2      | Noticed Natasha
  1043 | D:2      | Killed Natasha
  1043 | D:2      | Reached skill level 1 in Throwing
  1135 | D:2      | Noticed Natasha
  1168 | D:2      | HP: 2/40 [Natasha (2)]
  1168 | D:2      | Slain by a crimson imp

Levels and vault maps discovered:
D:1:      erik_arrival_cave_to_civilisation [erik_arrival_cave_to_temple],
          layout_basic
D:2:      cheibrodos_helix_gallery, layout_loops_corners, uniq_sigmund,
          uniq_natasha

Skill      XL: |  1  2  3 |
---------------+----------+-----
Throwing       | 1 |  1.2
Dodging        | 3 |  3.0
Fighting       | |  4.5
Polearms       | |  3.7

Action                   || total
-------------------------++-------
Melee: Spear             ||   111
  Use: Scroll            ||     4
  Eat: Chunk             ||     1
Armor: Animal skin       ||     2
       Robe              ||    23
Dodge: Dodged            ||    46

Table legend:
 A = Non-vault XP
 B = Vault XP
 C = Vault XP percentage of total XP
 D = Non-vault monster count
 E = Vault monster count
 F = Vault count percentage of total count
                 A         B        C        D         E       F
            +---------+---------+-------+---------+---------+-------
      Total |      37 |      40 |  51.9 |      18 |       4 |  18.2
            +---------+---------+-------+---------+---------+-------
        D:1 |      32 |       4 |  11.1 |      14 |       2 |  12.5
        D:2 |       5 |      36 |  87.8 |       4 |       2 |  33.3
            +---------+---------+-------+---------+---------+-------
